AoeStats
← Nahrimed

Black Forest

509622002Analyzed
4v4 RM · 6d ago on Sep 27, 2026· 61m 50s· 8 players
Game mode
Random Map
Map size
Large (8 player)
Population
200
Speed
Normal
Resources
Standard
Victory
Conquest
Starting age
Dark Age
Ending age
Imperial Age
RankedLock teamsTeams togetherTeam positionsShared explorationLock speedFull tech treeHidden civsTurbo modeCheats
Victory
Defeat
🇨🇳 Khmer · China
689
+12
🇦🇺 Ethiopians · Australia
634
+14
🇨🇳 Sicilians · China
558
+17
🇺🇸 Bohemians · United States
482
+20
🇹🇷 Franks · Türkiye
630
-18
🇩🇪 Malians · Germany
586
-16
🇺🇸 Saxons · United States
559
-15
🇹🇷 Vietnamese · Türkiye
545
-14
Purplejbaked
8:00 Loom
12:02 Feudal Age
15:10 Double-Bit Axe
22:05 Castle Age
22:01 Forging
21:54 Scale Mail Armor
22:03 Horse Collar
22:29 Stone Mining
25:33 Caravan
30:57 Murder Holes
31:15 Masonry
30:53 Treadmill Crane
34:11 Imperial Age
32:04 Gold Mining
32:33 Bow Saw
32:39 Heavy Plow
35:04 Gambesons
35:23 Squires
35:13 Arson
35:51 Chain Mail Armor
36:12 Iron Casting
36:13 Elite Hearth Troop
37:45 Plate Mail Armor
38:30 Gold Shaft Mining
38:46 Conscription
38:50 Elite Varangian Guard
45:09 Fletching
45:20 Padded Archer Armor
Nahrimed
0:27 Loom
15:01 Feudal Age
16:33 Wheelbarrow
15:50 Town Watch
17:30 Wheelbarrow
16:43 Town Watch
18:05 Double-Bit Axe
22:01 Forging
26:36 Castle Age
24:32 Gold Mining
25:14 Forging
25:39 Scale Barding Armor
25:36 Stone Mining
27:36 Hand Cart
28:06 Bow Saw
28:33 Gold Shaft Mining
29:12 Iron Casting
29:58 Town Patrol
30:32 Chain Barding Armor
31:29 Husbandry
38:02 Imperial Age
37:41 Caravan
38:15 Cavalier
39:59 Blast Furnace
39:34 Plate Barding Armor
39:04 Murder Holes
39:40 Conscription
40:54 Chemistry
44:06 Devotion
43:54 Paladin
44:58 Chivalry
45:43 Ballistics
53:06 Hoardings
52:44 Masonry
52:21 Arrowslits
52:47 Fortified Wall
56:49 Architecture
FENERBAHCE
16:42 Feudal Age
23:03 Castle Age
22:18 Horse Collar
22:32 Gold Mining
22:33 Stone Mining
22:33 Double-Bit Axe
27:02 Caravan
30:46 Imperial Age
32:38 Chemistry
32:53 Bow Saw
35:34 Wheelbarrow
34:44 Town Watch
34:45 Loom
38:05 Paper Money
37:06 Elite Rattan Archer
37:47 Chatras
37:17 Sappers
38:23 Hoardings
39:50 Hand Cart
39:35 Town Patrol
41:09 Chatras
42:04 Stone Shaft Mining
42:32 Two-Man Saw
41:36 Heavy Plow
42:36 Ballistics
44:35 Elite Fire Lancer
45:01 Arson
45:16 Squires
45:22 Pikeman
48:11 Elite Battle Elephant
50:50 Forging
50:30 Fletching
50:41 Padded Archer Armor
50:41 Scale Mail Armor
50:47 Scale Barding Armor
56:27 Chain Barding Armor
56:23 Chain Mail Armor
56:43 Iron Casting
56:04 Bodkin Arrow
56:24 Leather Archer Armor
58:40 Crop Rotation
58:49 Plate Mail Armor
58:54 Plate Barding Armor
58:45 Elite Skirmisher
59:32 Thumb Ring
59:27 Imperial Skirmisher
tobhaeg
0:30 Loom
16:50 Feudal Age
24:04 Castle Age
22:04 Double-Bit Axe
22:03 Horse Collar
23:58 Gold Mining
24:10 Stone Mining
26:52 Squires
26:12 Pikeman
26:38 Arson
26:55 Fletching
27:07 Scale Mail Armor
27:17 Forging
31:45 Ballistics
38:22 Imperial Age
38:32 Imperial Age
36:43 Wheelbarrow
36:24 Bow Saw
36:17 Heavy Plow
37:21 Chain Mail Armor
37:15 Murder Holes
39:24 Hand Cart
40:26 Chemistry
39:40 Tigui
40:50 Conscription
41:43 Elite Gbeto
44:09 Farimba
Brown Sugar
1:40 Loom
15:23 Feudal Age
17:28 Double-Bit Axe
17:26 Horse Collar
17:38 Gold Mining
20:21 Castle Age
21:02 Wheelbarrow
21:14 Bow Saw
21:10 Heavy Plow
22:55 Gold Shaft Mining
22:15 Stone Mining
25:13 Hand Cart
24:44 Town Watch
32:23 Stone Shaft Mining
32:38 Coinage
32:09 Caravan
36:19 Imperial Age
36:38 Fletching
37:10 Masonry
37:06 Siege Engineers
37:12 Fortified Wall
38:03 Chemistry
37:24 Ballistics
36:59 Murder Holes
37:38 Banking
37:19 Guilds
38:14 Two-Man Saw
37:25 Heavy Scorpion
38:30 Capped Ram
38:31 Onager
40:15 Torsion Engines
41:07 Siege Ram
45:33 Town Patrol
45:06 Siege Onager
48:54 Architecture
LAI32
16:24 Feudal Age
21:27 Double-Bit Axe
21:27 Horse Collar
25:10 Castle Age
23:10 Stone Mining
23:11 Gold Mining
26:52 Wheelbarrow
27:39 Gold Shaft Mining
27:40 Stone Shaft Mining
27:18 Bow Saw
27:11 Heavy Plow
29:37 First Crusade
29:59 Forging
29:51 Scale Mail Armor
38:39 Imperial Age
37:42 Masonry
41:42 Elite Serjeant
43:11 Ballistics
43:53 Chemistry
43:02 Siege Engineers
47:14 Iron Casting
46:55 Chain Mail Armor
46:46 Scale Barding Armor
48:08 Conscription
48:41 Conscription
49:27 Husbandry
51:48 Blast Furnace
52:02 Caravan
51:27 Cavalier
54:05 Hauberk
54:54 Plate Mail Armor
56:58 Hand Cart
59:35 Crop Rotation
60:33 Chain Barding Armor
daXninja
10:22 Feudal Age
17:52 Double-Bit Axe
17:49 Horse Collar
23:24 Castle Age
24:54 Heavy Plow
25:08 Bow Saw
26:46 Loom
27:36 Wheelbarrow
26:47 Town Watch
36:58 Imperial Age
34:44 Hand Cart
34:29 Town Patrol
35:40 Wagenburg Tactics
36:34 Squires
37:29 Elite Hussite Wagon
40:23 Two-Man Saw
40:18 Conscription
41:36 Forging
41:26 Scale Mail Armor
41:31 Scale Barding Armor
41:17 Fletching
41:27 Padded Archer Armor
42:33 Chemistry
45:42 Chain Barding Armor
45:38 Chain Mail Armor
45:58 Iron Casting
45:18 Bodkin Arrow
45:38 Leather Archer Armor
46:26 Houfnice
53:11 Blast Furnace
52:41 Plate Mail Armor
52:11 Bracer
52:41 Ring Archer Armor
52:38 Bombard Tower
469178074
0:45 Loom
16:03 Feudal Age
18:51 Castle Age
17:01 Double-Bit Axe
17:20 Horse Collar
17:44 Gold Mining
18:01 Stone Mining
19:50 Bow Saw
20:29 Wheelbarrow
20:24 Heavy Plow
21:25 Stone Shaft Mining
24:26 Hand Cart
24:46 Town Watch
27:45 Caravan
29:20 Gold Shaft Mining
29:40 Fervor
30:50 Bloodlines
30:40 Husbandry
30:02 Light Cavalry
31:35 Murder Holes
34:35 Imperial Age
33:31 Ballistics
33:24 Masonry
33:24 Devotion
33:29 Town Patrol
33:20 Pikeman
33:45 Arson
35:08 Tusk Swords
34:41 Capped Ram
35:55 Conscription
35:04 Hussar
35:24 Hussar
35:28 Halberdier
37:25 Chemistry
37:58 Double Crossbow
38:19 Crossbowman
38:26 Elite Skirmisher
38:37 Elite Ballista Elephant
43:36 Fletching
43:52 Scale Barding Armor
43:48 Padded Archer Armor
43:59 Forging
43:50 Scale Mail Armor
43:29 Siege Ram
45:04 Chain Barding Armor
44:45 Bodkin Arrow
46:58 Leather Archer Armor
47:20 Plate Barding Armor
47:01 Chain Mail Armor
47:21 Iron Casting
47:27 Arbalester
51:01 Faith
51:53 Blast Furnace
50:53 Bracer
51:26 Ring Archer Armor
51:37 Hoardings
53:12 Elite Battle Elephant
57:53 Cavalier
Connection lost

Rejoining the realm…

Still unreachable

The connection could not be restored.

Session expired

The server has moved on; the page needs a fresh start.